AoeStats
← 飞翔的圣光

Nomad

510532409Analyzed
4v4 RM · 10h ago on Oct 1, 2026· 33m 41s· 8 players
Game mode
Random Map
Map size
231×231
Population
200
Speed
Normal
Resources
Standard
Victory
Conquest
Starting age
Dark Age
Ending age
Imperial Age
RankedLock teamsTeams togetherTeam positionsShared explorationLock speedFull tech treeHidden civsTurbo modeCheats
Victory
Defeat
🇮🇳 Varangians · India
1183
+12
🇹🇼 Persians · Taiwan
1176
+13
🇨🇳 Huns · China
1149
+14
🇨🇳 Spanish · China
1031
+19
🇺🇸 Vikings · United States
1135
-16
🇲🇽 Vietnamese · Mexico
1102
-15
🇨🇳 Chinese · China
1090
-14
🇨🇳 Franks · China
1066
-13
飞翔的圣光
3:51 Loom
14:46 Feudal Age
16:15 Man-at-Arms
19:38 Castle Age
18:02 Double-Bit Axe
19:49 Long Swordsman
21:25 Horse Collar
23:07 Long Swordsman
27:13 Fletching
27:03 Crossbowman
27:51 Padded Archer Armor
32:38 Bow Saw
32:33 Heavy Plow
IV
3:45 Loom
15:12 Feudal Age
22:00 Castle Age
Rey de Copas
3:33 Loom
15:03 Feudal Age
17:41 Forging
21:52 Castle Age
22:06 Demolition Ship
23:01 Medium Warships
25:35 Careening
26:40 Fletching
27:16 Ballistics
27:36 Fishing Lines
35:36 Imperial Age
HartyHart
2:56 Loom
14:06 Feudal Age
15:59 Town Watch
18:24 Fletching
28:34 Castle Age
29:22 Crossbowman
Ta.ToM
6:14 Loom
7:38 Loom
14:26 Feudal Age
15:03 Double-Bit Axe
15:25 Fishing Lines
19:48 Castle Age
18:20 Horse Collar
19:28 Gold Mining
19:50 Stone Mining
20:57 Medium Warships
21:35 Gold Shaft Mining
21:17 Bow Saw
22:48 Stone Shaft Mining
22:55 Wheelbarrow
22:30 Heavy Plow
22:35 Gillnets
25:01 Hand Cart
31:54 Imperial Age
29:32 Scale Barding Armor
29:40 Forging
30:24 Bloodlines
30:16 Husbandry
31:06 Chain Barding Armor
31:39 Iron Casting
31:32 Cavalier
32:55 Plate Barding Armor
33:36 Blast Furnace
32:48 Savar
34:34 Conscription
粮草征收人
4:36 Loom
5:16 Loom
14:50 Feudal Age
15:42 Double-Bit Axe
16:04 Man-at-Arms
16:30 Horse Collar
26:53 Castle Age
25:07 Gold Mining
26:43 Stone Mining
29:22 Bow Saw
33:28 Heavy Plow
War Hero
4:53 Loom
13:54 Feudal Age
19:27 Castle Age
18:01 Fishing Lines
18:13 Fletching
Zarathustra
6:35 Loom
13:42 Feudal Age
28:22 Castle Age
27:21 Fletching
Connection lost

Rejoining the realm…

Still unreachable

The connection could not be restored.

Session expired

The server has moved on; the page needs a fresh start.